 Dungeon Crawl Stone Soup version 0.31-a0-1620-gcbf77bbcfc (webtiles) character file.

Game seed: 2451077139548491672

536 Flugslaktarn the Trooper (level 7, 3/64 HPs)
             Began as a Minotaur Fighter on Jan 11, 2024.
             Quit the game on level 5 of the Dungeon.
             The game lasted 00:01:45 (3470 turns).

Flugslaktarn the Trooper (Minotaur Fighter)         Turns: 3470, Time: 00:01:45

Health: 3/64       AC: 11    Str: 22    XL:     7   Next: 4%
Magic:  6/6        EV:  8    Int:  5    God:
Gold:   226        SH:  5    Dex: 10    Spells: 6/6 levels left

rFire   . . .        a - +0 war axe
rCold   . . .        c - +0 buckler
rNeg    . . .        p - +0 chain mail
rPois   .            (helmet restricted)
rElec   .            (no cloak)
rCorr   .            (no gloves)
SInv    .            j - +0 pair of boots
Will    .....        (no amulet) Stlth
                     (no ring)
HPRegen 0.30/turn    (no ring)
MPRegen 0.10/turn

%: no passive effects
@: mighty, lethally poisoned (3 -> -20)
A: horns 2, retaliatory headbutt
a: no special abilities


You were on level 5 of the Dungeon.
You visited 1 branch of the dungeon, and saw 5 of its levels.

You collected 226 gold pieces.

Inventory:

Hand Weapons
 a - a +0 war axe (weapon)
Armour
 b - a +0 scale mail
 c - a +0 buckler (worn)
 j - a +0 pair of boots (worn)
   (You found it on level 1 of the Dungeon)
 p - a +0 chain mail (worn)
   (You found it on level 2 of the Dungeon)
Jewellery
 u - an amulet of faith
   (You found it on level 5 of the Dungeon)
Wands
 e - a wand of mindburst (5)
   (You found it on level 4 of the Dungeon)
Scrolls
 f - 2 scrolls of poison {unknown}
 k - a scroll of brand weapon
 r - a scroll of amnesia {unknown}
 s - a scroll of immolation {unknown}
 t - a scroll of teleportation
 z - a scroll of blinking
Potions
 d - 2 potions of might
 g - 2 potions of magic
 h - a potion of lignification {unknown}
 i - 2 potions of heal wounds {unknown}
 l - a potion of berserk rage {unknown}
 m - a potion of haste {unknown}
 n - a potion of resistance
 o - a potion of attraction {unknown}


   Skills:
 * Level 6.4 Fighting
 * Level 5.7 Axes
 + Level 5.0 Armour
 + Level 5.0 Shields


You had 6 spell levels left.
You didn't know any spells.
Your spell library contained the following spells:

 Spells                   Type           Power      Damage    Failure   Level
 Summon Small Mammal      Summ           0%         N/A       98%         1
 Call Canine Familiar     Summ           0%         N/A       100%        3
 Dazzling Flash           Conj/Hex       0%         N/A       100%        3
 Mephitic Cloud           Conj/Alch/Air  0%         N/A       100%        3
 Summon Blazeheart Golem  Fire/Summ      0%         N/A       100%        4
 Curse of Agony           Necr           0%         N/A       100%        5
 Silence                  Hex/Air        0%         N/A       100%        5


Dungeon Overview and Level Annotations

Branches:
Dungeon (5/15)
 Temple: D:4-7

Altars:
Qazlal


Innate Abilities, Weirdness & Mutations

You have a pair of horns on your head.
You reflexively headbutt those who attack you in melee.


Message History

You slice the water moccasin!!
The water moccasin is severely wounded.
The water moccasin bites you.
You closely miss the water moccasin.
The water moccasin is severely wounded.
The water moccasin barely misses you. The water moccasin bites you.
You barely miss the water moccasin.
The water moccasin is severely wounded.
The water moccasin barely misses you. You block the water moccasin's attack.
You barely miss the water moccasin. You headbutt the water moccasin!
You kill the water moccasin!
You block the water moccasin's attack.
Your Armour skill increases to level 5!
Your Shields skill increases to level 5!
You have reached level 7!
You miss the water moccasin.
The water moccasin bites you but does no damage. x2
You miss the water moccasin.
Your headbutt misses the water moccasin.
The water moccasin bites you.
You are poisoned.
The water moccasin poisons you!
You closely miss the water moccasin.
Your headbutt misses the water moccasin.
You feel very sick. The water moccasin bites you.
The water moccasin barely misses you.
You barely miss the water moccasin.
You feel sick. The water moccasin closely misses you.
You block the water moccasin's attack.
You closely miss the water moccasin.
Your headbutt misses the water moccasin.
You feel sick. You block the water moccasin's attack.
You closely miss the water moccasin.
You feel sick.
The water moccasin bites you but does no damage.
The water moccasin bites you.
You are more poisoned.
The water moccasin poisons you!
You closely miss the water moccasin.
Your headbutt misses the water moccasin.
You feel very sick. You block the water moccasin's attack.
The water moccasin bites you.
You are more poisoned.
The water moccasin poisons you!
You barely miss the water moccasin.
You feel extremely sick.
The water moccasin bites you but does no damage.
You block the water moccasin's attack.
You barely miss the water moccasin.
* * * LOW HITPOINT WARNING * * *
You feel very sick. The water moccasin bites you.
* * * LOW HITPOINT WARNING * * *
You are more poisoned.
The water moccasin poisons you!
You slash the water moccasin!
Your headbutt misses the water moccasin.
The water moccasin is moderately wounded.
* * * LOW HITPOINT WARNING * * *
You feel extremely sick.
You block the water moccasin's attack. x2
You feel better.
The water moccasin bites you but does no damage.
The water moccasin bites you.
* * * LOW HITPOINT WARNING * * *
You are too injured to fight recklessly!
You barely miss the water moccasin.
Your headbutt misses the water moccasin.
The water moccasin is moderately wounded.
The water moccasin bites you.
* * * LOW HITPOINT WARNING * * *
You are lethally poisoned!
The water moccasin poisons you!
You miss the water moccasin.
The water moccasin is moderately wounded.
* * * LOW HITPOINT WARNING * * *
You feel very sick.
The water moccasin bites you but does no damage.
The water moccasin barely misses you.
You feel better. You block the water moccasin's attack.
The water moccasin closely misses you.
You barely miss the water moccasin.
Your headbutt misses the water moccasin.
The water moccasin is moderately wounded.
The water moccasin bites you.
* * * LOW HITPOINT WARNING * * *
You are poisoned.
The water moccasin poisons you!
You slash the water moccasin!
The water moccasin is severely wounded.
You feel very sick. The water moccasin bites you!
* * * LOW HITPOINT WARNING * * *
You are more poisoned.
The water moccasin poisons you!
The water moccasin bites you but does no damage.
Okay, then.
Okay, then.
Search for what [? for help]?
Okay, then.
Unknown command.
Are you sure you want to abandon this character and quit the game? (Confirm with "yes".)

#......^....$..
#......^?......
.....^..^.^#
#........# #.....#
###....#####.#
#....#........
...###.##...#######
.......@S.....#
.......####.#.#
#.##### #.#.#
#.#.#####.###
#####...........#
#.......#####.#.#
#.###..## #.# #†.#
#.# #..#


You could see a water moccasin.

Vanquished Creatures
  A water moccasin (D:5)
  A black bear (D:5)
  A howler monkey (D:5)
  2 orc priests (D:4)
  3 hounds (D:4)
  An orc wizard (D:4)
  3 gnolls (D:3)
  2 adders (D:4)
  A dart slug (D:1)
  7 orcs
  4 ball pythons
  8 endoplasms
  2 giant cockroaches
  11 goblins
  6 hobgoblins
  2 jackals (D:2)
  5 kobolds
  3 quokkas
  4 bats
  3 frilled lizards
  9 rats
79 creatures vanquished.

Notes
Turn   | Place    | Note
-------+----------+-------------------------------------------
     0 | D:1      | Flugslaktarn the Minotaur Fighter began the quest for the
                  | Orb.
     0 | D:1      | Reached XP level 1. HP: 19/19 MP: 0/0
   218 | D:1      | Reached XP level 2. HP: 27/27 MP: 1/1
   261 | D:1      | Reached skill level 4 in Fighting
   901 | D:2      | Reached XP level 3. HP: 33/33 MP: 2/2
   963 | D:2      | Found a faded altar of an unknown god.
  1589 | D:3      | Found a stormy altar of Qazlal.
  1672 | D:3      | Reached XP level 4. HP: 23/41 MP: 3/3
  2292 | D:4      | Reached skill level 5 in Fighting
  2292 | D:4      | Reached XP level 5. HP: 46/48 MP: 4/4
  2812 | D:4      | Reached XP level 6. HP: 47/56 MP: 5/5
  2859 | D:4      | Reached skill level 5 in Axes
  3316 | D:5      | Entered Level 5 of the Dungeon
  3414 | D:5      | Reached skill level 6 in Fighting
  3441 | D:5      | Noticed a water moccasin
  3441 | D:5      | Noticed a water moccasin
  3453 | D:5      | Killed a water moccasin
  3454 | D:5      | Reached skill level 5 in Armour
  3454 | D:5      | Reached skill level 5 in Shields
  3454 | D:5      | Reached XP level 7. HP: 53/64 MP: 6/6
  3469 | D:5      | HP: 3/64 [water moccasin (7)]
  3470 | D:5      | Quit the game

Illustrated notes

Levels and vault maps discovered:
D:1:      nagdon_arrival_double_spiral, layout_basic, minmay_ruptured
D:2:      layout_rooms, ebering_ecumenical_altar_mist
D:3:      layout_loops_cross, mainiacjoe_overflow_tiny_flanked
D:4:      minmay_chambers_of_twos, layout_loops_ring, minivault_1
D:5:      layout_loops_ring, chequers_temple_overflow_minitemple,
          lemuel_round_altar, minmay_holes

Skill      XL: |  1  2  3  4  5  6 |
---------------+-------------------+-----
Fighting       | 4 5 6 |  6.4
Axes           | 3 4 5 |  5.7
Armour         | 4 5 |  5.0
Shields        | 4 5 |  5.0

Action                     |  1- 3 |  4- 6 |  7- 9 || total
---------------------------+-------+-------+-------++-------
  Melee: War axe           |    80 |   103 |    14 ||   197
         Headbutt          |    10 |    10 |       ||    20
    Use: Scroll            |       |     7 |       ||     7
         Potion            |       |     3 |     2 ||     5
 Armour: Scale mail        |    34 |       |       ||    34
         Chain mail        |    19 |    97 |    16 ||   132
  Dodge: Dodged            |    31 |    48 |     4 ||    83
  Block: Buckler           |    18 |    26 |     7 ||    51

Table legend: (Time is in decaauts)
 A = Elapsed time spent in this place.
 B = Non-inter-level travel time spent in this place.
 C = Inter-level travel time spent in this place.
 D = Time resting spent in this place.
 E = Time spent auto-exploring this place.
 F = Levels seen in this place.
 G = Mean time per level.
                   A        B        C        D        E       F      G
               +--------+--------+--------+--------+--------+-----+--------+
         Total |   3533 |   3416 |    117 |    138 |   2726 |   5 |  706.6 |
       Dungeon |   3533 |   3416 |    117 |    138 |   2726 |   5 |  706.6 |
               +--------+--------+--------+--------+--------+-----+--------+

Top non-repeatable levels by time:
     D:4: 1100 daAuts
     D:1: 886 daAuts
     D:3: 826 daAuts
     D:2: 558 daAuts
     D:5: 160 daAuts
